 Dungeon Crawl Stone Soup version 0.27.1-1-g398f81649c (webtiles) character file.

Game seed: 2447265336836407221

56 phibes the Caller (level 3, -1/23 HPs)
             Began as an Octopode Summoner on Sept 12, 2021.
             Was an Initiate of Gozag.
             Slain by an orc wizard (5 damage)
             ... on level 3 of the Dungeon.
             The game lasted 00:38:33 (2902 turns).

phibes the Caller (Octopode Summoner)               Turns: 2902, Time: 00:38:33

Health: -1/23      AC:  1    Str:  8    XL:     3   Next: 95%
Magic:  0/6        EV: 13    Int: 17    God:    Gozag
Gold:   318        SH:  0    Dex: 12    Spells: 5/6 levels left

rFire    . . .     SeeInvis .     - Unarmed
rCold    . . .     Faith    .   (no shield)
rNeg     . . .     Spirit   +   (helmet restricted)
rPois    .         Reflect  .   g - amulet of guardian spirit
rElec    .         Harm     .   (no ring)
rCorr    .         Rampage  .   (no ring)
Will     .....                  (no ring)
Stlth    +++.......             (no ring)
HPRegen  0.07/turn              (no ring)
MPRegen  0.10/turn              (no ring)
                                (no ring)
                                (no ring)

@: no status effects
A: almost no armour, amphibious, 8 rings, camouflage 1, gelatinous body 1,
(nimble swimmer 1), tentacles
a: Renounce Religion, Potion Petition, Call Merchant, Bribe Branch


You were on level 3 of the Dungeon.
You worshipped Gozag.
Gozag was aware of your devotion.
You visited 1 branch of the dungeon, and saw 3 of its levels.

You collected 318 gold pieces.

Inventory:

Hand Weapons
 e - a +0 long sword
Jewellery
 g - an amulet of guardian spirit (around mantle)
Scrolls
 c - 2 scrolls of vulnerability {unknown}
 h - 3 scrolls of fog {unknown}
 i - 2 scrolls of enchant weapon {unknown}
 j - a scroll of identify {unknown}
Potions
 a - a potion of lignification {unknown}
 b - a potion of heal wounds {unknown}
 d - a potion of degeneration {unknown}
 f - a potion of mutation {unknown}
 k - a potion of berserk rage {unknown}


   Skills:
 + Level 1.5 Fighting
 + Level 2.7 Dodging
 + Level 3.6 Stealth
 + Level 1.3 Unarmed Combat
 - Level 2.0 Spellcasting
 - Level 4.0 Summonings


You had 5 spell levels left.
You knew the following spells:

 Your Spells              Type           Power      Damage    Failure   Level
a - Summon Small Mammal   Summ           60%        N/A       3%          1

Your spell library contained the following spells:

 Spells                   Type           Power      Damage    Failure   Level
 Call Imp                 Summ           15%        N/A       5%          2
 Call Canine Familiar     Summ           15%        N/A       11%         3
 Summon Guardian Golem    Hex/Summ       8%         N/A       26%         3
 Summon Lightning Spire   Summ/Air       8%         N/A       63%         4


Dungeon Overview and Level Annotations

Branches:
Dungeon (3/15)

Altars:
Gozag


Innate Abilities, Weirdness & Mutations

You cannot wear most types of armour.
You are amphibious.
You can wear up to eight rings at the same time.
Your skin changes colour to match your surroundings (Stealth+).
Your rubbery body absorbs attacks. (AC +1, EV +1)
((You are camouflaged near water. (Stealth+)))
You have tentacles for arms and can constrict up to eight enemies at once.


Message History

Your bat hits the orc but does no damage.
Your rat barely misses the orc.
The orc hits your rat with a +0 flail!
Your rat dies!
Your rat's corpse disappears in a puff of smoke!
Your bat closely misses the orc.
Your bat barely misses the orc.
The orc hits your rat with a +0 club.
Your rat dies!
Your rat's corpse disappears in a puff of smoke!
The orc wizard points at you and mumbles some strange words.
Your bat resists with significant effort.
Your bat hits your bat but does no damage.
Your bat closely misses the orc.
The orc misses your bat.
Your bat barely misses the orc.
Your bat hits the orc. The orc hits you with a +0 whip.
The orc hits you with a +0 club.
You barely miss the orc. Your grab misses the orc.
Your bat hits the orc but does no damage.
The orc misses you. The orc completely misses you. The orc closely misses you.
Your bat hits the orc but does no damage.
You closely miss the orc. You grab the orc.
You tentacle-slap the orc, but do no damage.
You constrict the orc.
Your bat hits the orc but does no damage.
The orc hits you with a +0 whip. The orc hits you with a +0 flail.
The orc misses you.
You tentacle-slap the orc but do no damage.
The orc is lightly wounded.
You constrict the orc.
Your bat closely misses the orc.
Your bat barely misses the orc wizard.
The orc barely misses you. The orc hits you with a +0 flail.
The orc hits you with a +0 club.
You barely miss the orc.
The orc is moderately wounded.
You constrict the orc.
Your bat closely misses the orc.
The orc hits you with a +0 whip.
* * * LOW HITPOINT WARNING * * *
The orc barely misses you. x2
You release your grip on the orc.
Your bat closely misses the orc.
Your bat hits the orc wizard but does no damage.
The orc wizard hits you with a +2 dagger of venom.
You die...
Your body crumbles into a pile of gold.

##### #####...##
........##
##.....).##
##.......o.##
#........o@.#
############
#.......boo.#
#...........
#.#.......#.#
#.##########
#........b#.# #.#
...#......#.# #.#
.#.##...#.#.####.###
................#
###...#######.#.#
..... #.#.#


You could see an orc wizard (ally target), 3 orcs and 2 friendly bats.

Vanquished Creatures
  A dart slug (D:1)
  3 endoplasms
  2 giant cockroaches
  4 goblins
  A hobgoblin (D:1)
  4 jackals (D:1)
  2 quokkas
  3 ball pythons (D:2)
  5 bats
  2 frilled lizards (D:1)
  4 kobolds
  3 rats (D:1)
34 creatures vanquished.

Vanquished Creatures (collateral kills)
  2 adders
  A worm (D:2)
  A ball python (D:2)
  A hobgoblin (D:2)
  A bat (D:2)
  A frilled lizard (D:2)
  A rat (D:2)
8 creatures vanquished.

Grand Total: 42 creatures vanquished

Notes
Turn   | Place    | Note
-------+----------+-------------------------------------------
     0 | D:1      | phibes the Octopode Summoner began the quest for the Orb.
     0 | D:1      | Reached XP level 1. HP: 11/11 MP: 3/3
   275 | D:1      | Reached XP level 2. HP: 9/18 MP: 5/5
   614 | D:1      | Found a faded altar of an unknown god.
   636 | D:1      | Became a worshipper of Gozag Ym Sagoz the Greedy
   767 | D:1      | Reached skill level 1 in Fighting
  1096 | D:1      | Reached skill level 1 in Unarmed Combat
  1211 | D:1      | Reached XP level 3. HP: 22/23 MP: 6/6
  2902 | D:3      | Slain by an orc wizard

Illustrated notes

Levels and vault maps discovered:
D:1:      shiori_arrival_maze, layout_loops_ring,
          ebering_ecumenical_altar_petrified, minmay_misc_feat_enclosed
D:2:      layout_basic
D:3:      layout_loops_ring

Skill      XL: |  1  2 |
---------------+-------+-----
Stealth        | 3 |  3.6
Fighting       | 1 |  1.5
Unarmed Combat | 1 |  1.3
Dodging        | |  2.7
Spellcasting   | |  2.0
Summonings     | |  4.0

Action                   || total
-------------------------++-------
Melee: Unarmed           ||   113
       Constrict         ||    30
       Tentacles         ||    19
       Punch             ||     2
 Cast: Summon Small Mamm ||    29
 Stab: Sleeping          ||    12
       Distracted        ||     1
Armor: Skin              ||     9
Dodge: Dodged            ||    62
